| TOP OF THE 1ST |
|
University of North Carolina at Chapel Hill Tar Heels batting - Pitching for University of Toronto Marlies : LHP Ryan Quintero
|
|
Pitching: LHP Ryan Quintero
|
|
|
Batting: LHB Juan Alvarado
|
0-0: Ball 1-0: Fly out, F8 (Flyball, 8RD, EV 81.9 MPH)
|
|
Batting: LHB Chris Robertson
|
0-0: Ground out 1-3 (Groundball, 13S, EV 76.2 MPH)
|
|
Batting: RHB Michael Houseman
|
0-0: Called Strike 0-1: Fly out, F8 (Flyball, 89M, EV 92.5 MPH)
|
| Top of the 1st over - 0 runs, 0 hits, 0 errors, 0 left on base; University of North Carolina at Chapel Hill 0 - University of Toronto 0 |
| BOTTOM OF THE 1ST |
|
University of Toronto Marlies batting - Pitching for University of North Carolina at Chapel Hill Tar Heels : RHP Fernando Conzalez
|
|
Pitching: RHP Fernando Conzalez
|
|
|
Batting: RHB Charlie Townend
|
0-0: Foul Ball, location: 2F 0-1: Foul Ball, location: 2F 0-2: Ball 1-2: Ball 2-2: Strikes out swinging
|
|
Batting: LHB Mitch Melton
|
0-0: Ground out 4-3 (Groundball, 4, EV 94.4 MPH)
|
|
Batting: RHB Ryan Martin
|
0-0: Ball 1-0: Called Strike 1-1: Swinging Strike 1-2: Foul Ball, location: 2F 1-2: Ground out 6-3 (Groundball, 6, EV 82.5 MPH)
|
| Bottom of the 1st over - 0 runs, 0 hits, 0 errors, 0 left on base; University of North Carolina at Chapel Hill 0 - University of Toronto 0 |
| TOP OF THE 2ND |
|
University of North Carolina at Chapel Hill Tar Heels batting - Pitching for University of Toronto Marlies : LHP Ryan Quintero
|
|
Batting: SHB Jim Saxon
|
0-0: Called Strike 0-1: Ground out 4-3 (Groundball, 4, EV 88.8 MPH)
|
|
Batting: RHB Tony Jennings
|
0-0: Ball 1-0: Ball 2-0: Ball 3-0: Called Strike 3-1: Called Strike 3-2: Ground out 5-3 (Groundball, 56S, EV 65.0 MPH)
|
|
Batting: RHB Steve Breshears
|
0-0: Called Strike 0-1: Fly out, F9 (Flyball, 9D, EV 76.2 MPH)
|
| Top of the 2nd over - 0 runs, 0 hits, 0 errors, 0 left on base; University of North Carolina at Chapel Hill 0 - University of Toronto 0 |
| BOTTOM OF THE 2ND |
|
University of Toronto Marlies batting - Pitching for University of North Carolina at Chapel Hill Tar Heels : RHP Fernando Conzalez
|
|
Batting: RHB Todd Maybury
|
0-0: Swinging Strike 0-1: Ball 1-1: Ball 2-1: Fly out, F4 (Popup, 4, EV 56.9 MPH)
|
|
Batting: RHB Konrad van Pelt
|
0-0: Ball 1-0: Foul Ball, location: 2F 1-1: Swinging Strike 1-2: Foul Ball, location: 2F 1-2: Ball 2-2: Foul Ball, location: 2F 2-2: Foul Ball, location: 2F 2-2: Ball 3-2: Base on Balls
|
|
Batting: RHB Steve Campeau
|
0-0: Ball 1-0: Ball 2-0: SINGLE (Flyball, 4D, EV 91.2 MPH) Konrad van Pelt to second
|
|
Batting: RHB Luke Stannard
|
0-0: Ball 1-0: Called Strike 1-1: SINGLE (Line Drive, 6MD, EV 100.0 MPH) Konrad van Pelt to third Steve Campeau to second
|
|
Batting: RHB John Wilson
|
0-0: Called Strike 0-1: Foul Ball, location: 2F 0-2: Foul Ball, location: 2F 0-2: Strikes out looking
|
|
Batting: RHB Kevin McGaughey
|
0-0: Ball 1-0: Ball 2-0: Fly out, F4 (Popup, 4, EV 77.5 MPH)
|
| Bottom of the 2nd over - 0 runs, 2 hits, 0 errors, 3 left on base; University of North Carolina at Chapel Hill 0 - University of Toronto 0 |
| TOP OF THE 3RD |
|
University of North Carolina at Chapel Hill Tar Heels batting - Pitching for University of Toronto Marlies : LHP Ryan Quintero
|
|
Batting: LHB Roberto Lopez
|
0-0: Ball 1-0: Ball 2-0: Ball 3-0: Called Strike 3-1: Fly out, F8 (Flyball, 78M, EV 91.9 MPH)
|
|
Batting: RHB Brandon Wilson
|
0-0: Ball 1-0: Ball 2-0: Called Strike 2-1: Ball 3-1: SINGLE (Line Drive, 78S, EV 93.1 MPH)
|
|
Batting: LHB Armando Pena
|
0-0: Ball 1-0: Swinging Strike 1-1: Swinging Strike 1-2: Foul Ball, location: 2F 1-2: Foul Ball, location: 2F 1-2: Strikes out swinging
|
|
Batting: LHB Juan Alvarado
|
0-0: Ball 1-0: Ball 2-0: Foul Ball, location: 2F 2-1: Ball 3-1: Foul Ball, location: 2F 3-2: Base on Balls Brandon Wilson to second
|
|
Batting: LHB Chris Robertson
|
0-0: Ball 1-0: Ball 2-0: Swinging Strike 2-1: Swinging Strike 2-2: Strikes out swinging
|
| Top of the 3rd over - 0 runs, 1 hit, 0 errors, 2 left on base; University of North Carolina at Chapel Hill 0 - University of Toronto 0 |
| BOTTOM OF THE 3RD |
|
University of Toronto Marlies batting - Pitching for University of North Carolina at Chapel Hill Tar Heels : RHP Fernando Conzalez
|
|
Batting: RHB Charlie Townend
|
0-0: Called Strike 0-1: Ground out 3-1 (Groundball, 34S, EV 87.5 MPH)
|
|
Batting: LHB Mitch Melton
|
0-0: Ground out U3 (Groundball, 3, EV 83.8 MPH)
|
|
Batting: RHB Ryan Martin
|
0-0: Swinging Strike 0-1: Ball 1-1: Fly out, F9 (Line Drive, 89M, EV 92.5 MPH)
|
| Bottom of the 3rd over - 0 runs, 0 hits, 0 errors, 0 left on base; University of North Carolina at Chapel Hill 0 - University of Toronto 0 |
| TOP OF THE 4TH |
|
University of North Carolina at Chapel Hill Tar Heels batting - Pitching for University of Toronto Marlies : LHP Ryan Quintero
|
|
Batting: RHB Michael Houseman
|
0-0: Foul Ball, location: 2F 0-1: Foul Ball, location: 2F 0-2: Strikes out swinging
|
|
Batting: SHB Jim Saxon
|
0-0: Called Strike 0-1: Ball 1-1: Ball 2-1: Ball 3-1: Swinging Strike 3-2: Strikes out looking and he ARGUES THE CALL AND IS TOSSED!
|
|
Batting: RHB Tony Jennings
|
0-0: Called Strike 0-1: Swinging Strike 0-2: Strikes out swinging
|
| Top of the 4th over - 0 runs, 0 hits, 0 errors, 0 left on base; University of North Carolina at Chapel Hill 0 - University of Toronto 0 |
| BOTTOM OF THE 4TH |
|
University of Toronto Marlies batting - Pitching for University of North Carolina at Chapel Hill Tar Heels : RHP Fernando Conzalez
|
|
Now at 3B: Jeremy Rollins
|
|
|
Batting: RHB Todd Maybury
|
0-0: Ball 1-0: Foul Ball, location: 2F 1-1: Ball 2-1: Ground out U3 (Groundball, 3, EV 85.0 MPH)
|
|
Batting: RHB Konrad van Pelt
|
0-0: Ball 1-0: Called Strike 1-1: Foul Ball, location: 2F 1-2: Ball 2-2: Ball 3-2: Fly out, F8 (Line Drive, 8LM, EV 92.5 MPH)
|
|
Batting: RHB Steve Campeau
|
0-0: Fly out, F9 (Flyball, 9S, EV 89.4 MPH)
|
| Bottom of the 4th over - 0 runs, 0 hits, 0 errors, 0 left on base; University of North Carolina at Chapel Hill 0 - University of Toronto 0 |
| TOP OF THE 5TH |
|
University of North Carolina at Chapel Hill Tar Heels batting - Pitching for University of Toronto Marlies : LHP Ryan Quintero
|
|
Now in LF: Aaron Knight
|
|
|
Batting: RHB Steve Breshears
|
0-0: Called Strike 0-1: Swinging Strike 0-2: Ball 1-2: Fly out, F8 (Flyball, 8RS, EV 81.2 MPH)
|
|
Batting: LHB Roberto Lopez
|
0-0: Swinging Strike 0-1: Swinging Strike 0-2: Hit by Pitch
|
|
Batting: RHB Brandon Wilson
|
0-0: Foul Ball, location: 2F 0-1: Foul Ball, location: 2F 0-2: Foul Ball, location: 2F 0-2: Strikes out looking
|
|
Batting: LHB Armando Pena
|
0-0: Called Strike 0-1: Swinging Strike 0-2: Foul Ball, location: 2F 0-2: Foul Ball, location: 2F 0-2: Strikes out looking
|
| Top of the 5th over - 0 runs, 0 hits, 0 errors, 1 left on base; University of North Carolina at Chapel Hill 0 - University of Toronto 0 |
| BOTTOM OF THE 5TH |
|
University of Toronto Marlies batting - Pitching for University of North Carolina at Chapel Hill Tar Heels : RHP Fernando Conzalez
|
|
Now at C: Brian Brower
|
|
|
Batting: RHB Luke Stannard
|
0-0: Foul Ball, location: 2F 0-1: Ground out 5-3 (Groundball, 56S, EV 90.6 MPH)
|
|
Batting: RHB John Wilson
|
0-0: Ball 1-0: Ball 2-0: Called Strike 2-1: Ground out U3 (Groundball, 3, EV 108.8 MPH)
|
|
Batting: RHB Kevin McGaughey
|
0-0: Ball 1-0: Fly out, F8 (Flyball, 8RXD, EV 92.5 MPH)
|
| Bottom of the 5th over - 0 runs, 0 hits, 0 errors, 0 left on base; University of North Carolina at Chapel Hill 0 - University of Toronto 0 |
| TOP OF THE 6TH |
|
University of North Carolina at Chapel Hill Tar Heels batting - Pitching for University of Toronto Marlies : LHP Ryan Quintero
|
|
Pitching: RHP Jerry Pozos
|
|
|
Pinch Hitting: RHB Mike Machalek
|
0-0: Ball 1-0: Ground out 6-3 (Groundball, 6S, EV 88.1 MPH)
|
|
Batting: LHB Chris Robertson
|
0-0: Called Strike 0-1: Swinging Strike 0-2: Strikes out swinging
|
|
Batting: RHB Michael Houseman
|
0-0: Ball 1-0: Called Strike 1-1: SINGLE (Flyball, 4D, EV 93.1 MPH)
|
|
Batting: RHB Jeremy Rollins
|
0-0: Ball 1-0: Ball 2-0: Called Strike 2-1: Foul Ball, location: 2F 2-2: Ball 3-2: Base on Balls Michael Houseman to second
|
|
Batting: RHB Tony Jennings
|
0-0: Ball 1-0: Foul Ball, location: 2F 1-1: Called Strike 1-2: Strikes out looking
|
| Top of the 6th over - 0 runs, 1 hit, 0 errors, 2 left on base; University of North Carolina at Chapel Hill 0 - University of Toronto 0 |
| BOTTOM OF THE 6TH |
|
University of Toronto Marlies batting - Pitching for University of North Carolina at Chapel Hill Tar Heels : RHP Fernando Conzalez
|
|
Now at SS: Mike Machalek
|
|
|
Batting: RHB Charlie Townend
|
0-0: Hit by Pitch
|
|
Batting: RHB Aaron Knight
|
0-0: Called Strike Charlie Townend steals 2nd base 0-1: Foul Ball, location: 2F 0-2: Ball 1-2: Ball 2-2: Ball 3-2: Strikes out swinging
|
|
Batting: RHB Ryan Martin
|
0-0: Ball 1-0: Foul Ball, location: 2F 1-1: Foul Ball, location: 2F 1-2: 2-RUN HOME RUN (Flyball, 7D, EV 103.8 MPH), Distance : 407 ft
|
|
Batting: RHB Todd Maybury
|
0-0: Ground out 6-3 (Groundball, 6, EV 90.0 MPH)
|
|
Batting: RHB Konrad van Pelt
|
0-0: Foul Ball, location: 2F 0-1: Called Strike 0-2: Foul Ball, location: 2F 0-2: Strikes out swinging
|
| Bottom of the 6th over - 2 runs, 1 hit, 0 errors, 0 left on base; University of North Carolina at Chapel Hill 0 - University of Toronto 2 |
| TOP OF THE 7TH |
|
University of North Carolina at Chapel Hill Tar Heels batting - Pitching for University of Toronto Marlies : RHP Jerry Pozos
|
|
Pitching: RHP Mike McDonald
|
|
|
Batting: RHB Brian Brower
|
0-0: Ball 1-0: Ball 2-0: Ball 3-0: Base on Balls
|
|
Batting: LHB Roberto Lopez
|
0-0: Fielders Choice at 2nd, 5-4 (Groundball, 5L, EV 88.8 MPH)
|
|
Batting: RHB Brandon Wilson
|
0-0: Called Strike 0-1: Grounds into double play, 6-4-3 (Groundball, 6, EV 91.9 MPH)
|
| Top of the 7th over - 0 runs, 0 hits, 0 errors, 0 left on base; University of North Carolina at Chapel Hill 0 - University of Toronto 2 |
| BOTTOM OF THE 7TH |
|
University of Toronto Marlies batting - Pitching for University of North Carolina at Chapel Hill Tar Heels : RHP Fernando Conzalez
|
|
Pitching: RHP Jason Kaelber
|
|
|
Batting: RHB Steve Campeau
|
0-0: Ball 1-0: Called Strike 1-1: Swinging Strike 1-2: Strikes out swinging
|
|
Batting: SHB Jake Seymour
|
0-0: SOLO HOME RUN (Flyball, 9D, EV 95.0 MPH), Distance : 370 ft
|
|
Batting: RHB John Wilson
|
0-0: Ground out 6-3 (Groundball, 6MS, EV 85.0 MPH)
|
|
Batting: RHB Kevin McGaughey
|
0-0: Ball 1-0: Called Strike 1-1: Ball 2-1: Ball 3-1: Called Strike 3-2: Strikes out swinging
|
| Bottom of the 7th over - 1 run, 1 hit, 0 errors, 0 left on base; University of North Carolina at Chapel Hill 0 - University of Toronto 3 |
| TOP OF THE 8TH |
|
University of North Carolina at Chapel Hill Tar Heels batting - Pitching for University of Toronto Marlies : RHP Mike McDonald
|
|
Batting: LHB Armando Pena
|
0-0: Called Strike 0-1: Ball 1-1: Ball 2-1: Ball 3-1: Base on Balls
|
|
Batting: RHB Mike Machalek
|
0-0: Called Strike 0-1: Ball 1-1: Ground out 5-3 (Groundball, 56S, EV 62.5 MPH) Armando Pena to second
|
|
Batting: LHB Chris Robertson
|
0-0: Called Strike 0-1: Swinging Strike 0-2: Foul Ball, location: 2F 0-2: Foul Ball, location: 2F 0-2: Fly out, F8 (Line Drive, 8LM, EV 86.2 MPH)
|
|
Batting: RHB Michael Houseman
|
0-0: Swinging Strike 0-1: Fly out, F8 (Flyball, 8RD, EV 101.2 MPH)
|
| Top of the 8th over - 0 runs, 0 hits, 0 errors, 1 left on base; University of North Carolina at Chapel Hill 0 - University of Toronto 3 |
| BOTTOM OF THE 8TH |
|
University of Toronto Marlies batting - Pitching for University of North Carolina at Chapel Hill Tar Heels : RHP Jason Kaelber
|
|
Pitching: RHP Brian Spedafino
|
|
|
Batting: RHB Charlie Townend
|
0-0: Ball 1-0: Called Strike 1-1: Ball 2-1: Foul Ball, location: 2F 2-2: Foul Ball, location: 2F 2-2: Ball 3-2: SINGLE (Line Drive, 6MD, EV 94.4 MPH)
|
|
Batting: RHB Aaron Knight
|
0-0: Ball 1-0: Sac Bunt to 13S - play at first, batter OUT! 1-3 Charlie Townend to second
|
|
Batting: RHB Ryan Martin
|
0-0: Fly out, F7 (Flyball, 7LD, EV 95.6 MPH) Runner from 2nd tags up, SAFE at 3rd, no throw by LF
|
|
Batting: RHB Todd Maybury
|
0-0: Ball 1-0: Ball 2-0: Ball 3-0: Base on Balls
|
|
Batting: RHB Konrad van Pelt
|
0-0: Ball 1-0: Called Strike 1-1: Fly out, F8 (Line Drive, 8RM, EV 90.0 MPH)
|
| Bottom of the 8th over - 0 runs, 1 hit, 0 errors, 2 left on base; University of North Carolina at Chapel Hill 0 - University of Toronto 3 |
| TOP OF THE 9TH |
|
University of North Carolina at Chapel Hill Tar Heels batting - Pitching for University of Toronto Marlies : RHP Mike McDonald
|
|
Pitching: RHP Gui XĂș
|
|
|
Batting: RHB Jeremy Rollins
|
0-0: Called Strike 0-1: Called Strike 0-2: Ball 1-2: Strikes out swinging
|
|
Batting: RHB Tony Jennings
|
0-0: Called Strike 0-1: Called Strike 0-2: Ball 1-2: Fly out, F9 (Flyball, 9, EV 84.4 MPH)
|
|
Batting: RHB Brian Brower
|
0-0: Ball 1-0: Ball 2-0: Foul Ball, location: 2F 2-1: SINGLE (Popup, 6MD, EV 62.5 MPH)
|
|
Batting: LHB Roberto Lopez
|
0-0: Called Strike 0-1: Foul Ball, location: 2F 0-2: Foul Ball, location: 2F 0-2: Foul Ball, location: 2F 0-2: Foul Ball, location: 2F 0-2: Ball 1-2: Ground out 4-3 (Groundball, 34, EV 98.8 MPH)
|
| Top of the 9th over - 0 runs, 1 hit, 0 errors, 1 left on base; University of North Carolina at Chapel Hill 0 - University of Toronto 3 |
|